 Dungeon Crawl Stone Soup version 0.28-a0-384-g9e0c098162 (webtiles) character file.

Game seed: 7311786375627449043

41 omnomnOMINOUS the Skirmisher (level 3, -5/29 HPs)
             Began as an Octopode Wanderer on Sept 2, 2021.
             Was a Follower of Vehumet.
             Slain by an iguana (13 damage)
             ... on level 2 of the Dungeon.
             The game lasted 00:02:40 (1586 turns).

omnomnOMINOUS the Skirmisher (Octopode Wanderer)    Turns: 1586, Time: 00:02:41

Health: -5/29      AC:  1    Str: 10    XL:     3   Next: 52%
Magic:  5/5        EV: 13    Int: 16    God:    Vehumet [*.....]
Gold:   48         SH:  0    Dex: 11    Spells: 4/4 levels left

rFire   . . .      SeeInvis .   a - +2 quarterstaff
rCold   . . .      Faith    .   (shield currently unavailable)
rNeg    . . .      Spirit   .   (helmet restricted)
rPois   .          Reflect  .   (no amulet)
rElec   .          Harm     .   (no ring)
rCorr   .          Rampage  .   (no ring)
Will    .....                   (no ring)
Stlth   +++.......              (no ring)
HPRegen 0.09/turn               (no ring)
MPRegen 0.09/turn               (no ring)
                                (no ring)
                                (no ring)

@: no status effects
A: almost no armour, amphibious, 8 rings, camouflage 1, gelatinous body 1,
(nimble swimmer 1), tentacles
a: Renounce Religion


You were on level 2 of the Dungeon.
You worshipped Vehumet.
Vehumet was aware of your devotion.
You visited 1 branch of the dungeon, and saw 2 of its levels.

You collected 48 gold pieces.

Inventory:

Hand Weapons
 a - a +2 quarterstaff (weapon)
Scrolls
 e - a scroll of blinking {unknown}
 g - 2 scrolls of enchant armour {unknown}
 h - a scroll of magic mapping {unknown}
 j - a scroll of identify {unknown}
Potions
 b - 3 potions of curing
 d - a potion of lignification {unknown}
 f - 2 potions of flight {unknown}
 i - a potion of haste {unknown}
 k - a potion of attraction {unknown}
 l - a potion of magic {unknown}
Miscellaneous
 c - a piece from Xom's chessboard (15/15) (quivered)


   Skills:
 - Level 5.0 Fighting
 - Level 1.0 Axes
 - Level 2.0 Staves
 * Level 2.4 Dodging
 - Level 1.3 Stealth
 + Level 1.3 Spellcasting
 - Level 1.1 Evocations


You had 4 spell levels left.
You didn't know any spells.
Your spell library was empty.

Dungeon Overview and Level Annotations

Branches:
Dungeon (2/15)

Altars:
Vehumet


Innate Abilities, Weirdness & Mutations

You cannot wear most types of armour.
You are amphibious.
You can wear up to eight rings at the same time.
Your skin changes colour to match your surroundings (Stealth+).
Your rubbery body absorbs attacks. (AC +1, EV +1)
((You are camouflaged near water. (Stealth+)))
You have tentacles for arms and can constrict up to eight enemies at once.


Message History

The iguana is lightly wounded.
The iguana barely misses you.
You closely miss the iguana. Your grab misses the iguana.
The iguana is lightly wounded.
The iguana bites you but does no damage.
You closely miss the iguana. You grab the iguana.
The iguana is lightly wounded.
You constrict the iguana, but do no damage.
The iguana bites you.
You barely miss the iguana.
You squeeze the iguana, but do no damage.
The iguana is lightly wounded.
You constrict the iguana, but do no damage.
The iguana barely misses you.
You hit the iguana but do no damage.
The iguana is lightly wounded.
You constrict the iguana. The iguana bites you! The iguana closely misses you.
You are too injured to fight recklessly!
You are too injured to fight recklessly!
You are too injured to fight recklessly!
You are too injured to fight recklessly!
You are too injured to fight recklessly!
You are too injured to fight recklessly!
You are too injured to fight recklessly!
You are too injured to fight recklessly!
You are too injured to fight recklessly!
You are too injured to fight recklessly!
You are too injured to fight recklessly!
You are too injured to fight recklessly!
You hit the iguana.
The iguana is heavily wounded.
You constrict the iguana. The iguana closely misses you.
You hit the iguana.
The iguana is severely wounded.
You constrict the iguana. The iguana bites you.
* * * LOW HITPOINT WARNING * * *
You hit the iguana but do no damage.
The iguana is almost dead.
You constrict the iguana. The iguana bites you!
You die...

. .....# .> ..#.#
..######.#.###
...##....<..#
#.##.#.#.#.#######
#......#.........
#....#.....#...# #
#.######.#.#.#.#.#
#
#......#.#....@l.#
#
######.#.#.#.###.#
# #.#.....# # #
#.###.###
########.#....
.......#.#.###
###.####.#.
#.####.# #......#


You could see an iguana.

Vanquished Creatures
  A worm (D:2)
  2 dart slugs (D:2)
  2 bats (D:1)
  An endoplasm (D:1)
  2 giant cockroaches
  A goblin (D:2)
  6 hobgoblins
  6 kobolds
  2 quokkas
  2 ball pythons (D:2)
  2 frilled lizards
  5 rats
32 creatures vanquished.

Notes
Turn   | Place    | Note
-------+----------+-------------------------------------------
     0 | D:1      | omnomnOMINOUS the Octopode Wanderer began the quest for the
                  | Orb.
     0 | D:1      | omnomnOMINOUS set off with the following items: a +2
                  | quarterstaff, a potion of curing, a piece from Xom's
                  | chessboard (15/15)
     0 | D:1      | Reached XP level 1. HP: 18/18 MP: 1/1
    74 | D:1      | Reached skill level 1 in Dodging
   129 | D:1      | Reached XP level 2. HP: 22/24 MP: 2/2
   986 | D:2      | Found a faded altar of an unknown god.
   989 | D:2      | Became a worshipper of Vehumet
   989 | D:2      | Reached * piety under Vehumet
   989 | D:2      | Offered knowledge of Shock by Vehumet.
  1008 | D:2      | Reached skill level 1 in Spellcasting
  1167 | D:2      | Reached XP level 3. HP: 29/29 MP: 4/4
  1586 | D:2      | Slain by an iguana

Illustrated notes

Levels and vault maps discovered:
D:1:      dpeg_arrival_stone_temple_mockup, layout_basic, minmay_misc_feat_x,
          hangedman_decor_push
D:2:      layout_basic, shapermc_ecumenical_altar_mp_vishouse,
          minmay_diced_spiral

Skill      XL: |  1  2 |
---------------+-------+-----
Dodging        | 1 2 |  2.4
Spellcasting   | 1 |  1.3
Fighting       | |  5.0
Axes           | |  1.0
Staves         | |  2.0
Stealth        | |  1.3
Evocations     | |  1.1

Action                   || total
-------------------------++-------
Melee: Quarterstaff      ||    57
       Tentacles         ||     7
       Constrict         ||    13
 Stab: Sleeping          ||    13
Armor: Skin              ||     3
Dodge: Dodged            ||    25

Table legend: (Time is in decaauts)
 A = Elapsed time spent in this place.
 B = Non-inter-level travel time spent in this place.
 C = Inter-level travel time spent in this place.
 D = Time resting spent in this place.
 E = Time spent auto-exploring this place.
 F = Levels seen in this place.
 G = Mean time per level.
                   A        B        C        D        E       F      G
               +--------+--------+--------+--------+--------+-----+--------+
         Total |   1596 |   1589 |      7 |    123 |   1232 |   2 |  798.0 |
       Dungeon |   1596 |   1589 |      7 |    123 |   1232 |   2 |  798.0 |
               +--------+--------+--------+--------+--------+-----+--------+

Top non-repeatable levels by time:
     D:1: 902 daAuts
     D:2: 694 daAuts
